 Dungeon Crawl Stone Soup version 0.31.0-10-gcf4a605ca0 (webtiles) character file.

Game seed: 12878522771113762999

763 Flugkiller the Ruffian (level 7, -2/68 HPs)
             Began as a Troll Enchanter on Jan 25, 2024.
             Slain by Maggie
             ... wielding a +1 scimitar of flaming
              (7 damage)
             ... on level 6 of the Dungeon.
             The game lasted 00:04:37 (3228 turns).

Flugkiller the Ruffian (Troll Enchanter)            Turns: 3228, Time: 00:04:37

Health: -2/68      AC:  4    Str: 19    XL:     7   Next: 51%
Magic:  7/7        EV:  9    Int: 11    God:
Gold:   211        SH:  0    Dex: 10    Spells: 8/8 levels left

rFire   . .          .
                       - Unarmed
rCold   . . .        (no shield)
rNeg    . . .        b - +0 robe
rPois   .            (helmet restricted)
rElec   .            (no cloak)
rCorr   .            (gloves unavailable)
SInv    .            (boots unavailable)
Will    .....        (no amulet)
Stlth   ++           (no ring)
HPRegen 1.11/turn    (no ring)
MPRegen 0.10/turn

%: no passive effects
@: mesmerised
A: large, unfitting armour, claws 3, regeneration 1, shaggy fur 1, tough skin 1
a: no special abilities


You were on level 6 of the Dungeon.
You visited 1 branch of the dungeon, and saw 6 of its levels.
You also visited: Sewer.

You collected 211 gold pieces.

Inventory:

Missiles
 a - 2 javelins (quivered)
 j - 13 poisoned darts
Armour
 b - a +0 robe (worn)
Talismans
 c - a maw talisman
   (You found it on level 2 of the Dungeon)


   Skills:
 + Level 3.8 Fighting
 - Level 0.7 Short Blades
 + Level 0.2 Throwing
 - Level 1.5 Dodging
 - Level 1.5 Stealth
 * Level 6.7 Unarmed Combat
 - Level 1.2 Spellcasting
 - Level 2.0 Hexes


You had 8 spell levels left.
You didn't know any spells.
Your spell library contained the following spells:

 Spells                   Type           Power      Damage    Failure   Level
 Shock                    Conj/Air       0%         1d3       32%         1
 Ensorcelled Hibernation  Hex/Ice        4%         N/A       32%         2
 Confusing Touch          Hex            5%         N/A       38%         3
 Tukima's Dance           Hex            5%         N/A       38%         3
 Dazzling Flash           Conj/Hex       4%         N/A       54%         3
 Swiftness                Air            0%         N/A       67%         3
 Airstrike                Air            0%         2d(0-16)  97%         4


Dungeon Overview and Level Annotations

Branches:
Dungeon (7/15) Zot: 26719   Sewer (visited)
 Temple: D:4-7

Altars:
Wu Jian

Shops:
D:3 ?   D:7 :

Annotations:
D:6 Maggie


Innate Abilities, Weirdness & Mutations

You are too large for most types of armour.
You have claws for hands.
Your natural rate of healing is unusually fast.
You are covered in fur. (AC +1)
You have tough skin. (AC +1)


Message History

The hound is moderately wounded.
The hound bites you but does no damage. x2
You scratch the hound.
The hound is heavily wounded.
The hound bites you but does no damage.
You scratch the hound.
The hound is severely wounded.
The hound barely misses you.
You barely miss the hound.
The hound is severely wounded.
The hound bites you but does no damage. The hound bites you.
You scratch the hound but do no damage.
The hound is severely wounded.
The hound bites you.
You claw the hound!
You kill the hound!
No target in view!
HP restored.
Unknown command.
Press: ? - help, v - describe, . - travel
Here: Maggie, wielding a +1 scimitar of flaming and wearing +0 acid dragon scales (wandering, hasn't noticed you)
The floor.
Unknown command.
Maggie shouts!
Maggie casts a spell.
Maggie attempts to bespell you!
You are mesmerised by Maggie!
You cannot move away from Maggie!
Unknown command.
Unknown command.
You don't know any spells.
Unknown command.
You aren't carrying any scrolls.
Unknown command.
Unknown command.
Unknown command.
Throw: 6 javelins
Press: ? - help, Q - select action, (/) - cycle Shift-Dir - straight line, f - Maggie
Aim: Maggie, wielding a +1 scimitar of flaming and wearing +0 acid dragon scales (mesmerising, 52% to hit)
You throw a javelin. The javelin barely misses Maggie.
Maggie casts a spell.
Maggie draws you further into her thrall.
Throw: 5 javelins
Press: ? - help, Q - select action, (/) - cycle Shift-Dir - straight line, f/p - Maggie
Aim: Maggie, wielding a +1 scimitar of flaming and wearing +0 acid dragon scales (mesmerising, 52% to hit)
You throw a javelin. The javelin closely misses Maggie.
Throw: 4 javelins
Press: ? - help, Q - select action, (/) - cycle Shift-Dir - straight line, f/p - Maggie
Aim: Maggie, wielding a +1 scimitar of flaming and wearing +0 acid dragon scales (mesmerising, 52% to hit)
You throw a javelin. The javelin pierces through Maggie.
Maggie is lightly wounded.
You cannot move away from Maggie!
Throw: 3 javelins
Press: ? - help, Q - select action, (/) - cycle Shift-Dir - straight line, f/p - Maggie
Aim: Maggie, wielding a +1 scimitar of flaming and wearing +0 acid dragon scales (lightly wounded, mesmerising, 52% to hit)
You throw a javelin. The javelin closely misses Maggie.
Maggie closely misses you.
Maggie hits you with a +1 scimitar of flaming!
Maggie burns you.
You closely miss Maggie.
Maggie is lightly wounded.
Maggie smiles, but it's obviously fake.
Maggie hits you with a +1 scimitar of flaming!
Maggie burns you.
You claw Maggie!
Maggie is lightly wounded.
You claw Maggie!
Maggie is moderately wounded.
Maggie barely misses you.
You completely miss Maggie. You claw Maggie.
Maggie is moderately wounded.
Maggie hits you with a +1 scimitar of flaming.
Maggie burns you.
You closely miss Maggie.
Maggie is moderately wounded.
Maggie barely misses you.
You scratch Maggie but do no damage. You claw Maggie!
Maggie is heavily wounded.
Maggie mumbles some strange words.
Maggie draws you further into her thrall.
You claw Maggie!
Maggie is severely wounded.
Maggie closely misses you.
You closely miss Maggie.
Maggie is severely wounded.
Maggie casts a spell at you. The bolt of fire hits you!!
* * * LOW HITPOINT WARNING * * *
You claw Maggie!
Maggie is almost dead.
Maggie hits you with a +1 scimitar of flaming!
* * * LOW HITPOINT WARNING * * *
Maggie burns you.
* * * LOW HITPOINT WARNING * * *
You scratch Maggie.
Maggie is almost dead.
You closely miss Maggie.
Maggie is almost dead.
Maggie hits you with a +1 scimitar of flaming!
You die...

# #.#.# # #.#.# #
#.#.# ##### #
#####.#.###...# .
..............###.#
######............#
##.####.######
#.####.#########
#.#.....@......#
#.#...?.@#####.#
#.#......# #.#
.........# #.#
..........# #.#
....(....(. #.#
....(#...##. #.#
..........#.# #.#
....@...#.# #.#


You could see Maggie (mesmerising).

Vanquished Creatures
  2 kobold brigands
  2 phantoms
  A scorpion (D:2)
  2 wights (D:7)
  2 bombardier beetles (D:3)
  3 hounds
  6 adders
  A white imp (D:7)
  5 ribbon worms
  2 dart slugs
  3 orcs (D:4)
  4 endoplasms
  6 giant cockroaches
  6 goblins
  5 hobgoblins
  A jackal (D:3)
  13 kobolds
  A quokka (D:2)
  9 ball pythons
  2 bats
  7 frilled lizards
  9 rats
92 creatures vanquished.

Notes
Turn   | Place    | Note
-------+----------+-------------------------------------------
     0 | D:1      | Flugkiller the Troll Enchanter began the quest for the Orb.
     0 | D:1      | Reached XP level 1. HP: 16/16 MP: 1/1
   303 | D:1      | Reached skill level 1 in Unarmed Combat
   353 | D:1      | Found a faded altar of an unknown god.
   624 | D:1      | Reached XP level 2. HP: 26/26 MP: 2/2
   776 | D:2      | Noticed a scorpion
   783 | D:2      | Killed a scorpion
   784 | D:2      | Reached skill level 1 in Fighting
   784 | D:2      | Reached skill level 2 in Unarmed Combat
   784 | D:2      | Reached XP level 3. HP: 28/33 MP: 3/3
   788 | D:2      | Reached XP level 4. HP: 40/41 MP: 4/4
   818 | D:2      | Noticed a phantom
   837 | D:2      | Killed a phantom
   838 | D:2      | Reached skill level 3 in Unarmed Combat
   838 | D:2      | Reached XP level 5. HP: 47/49 MP: 5/5
  1232 | D:2      | Reached skill level 4 in Unarmed Combat
  1687 | D:3      | Found Tif Uda's Magic Scroll Shop.
  1764 | D:3      | Found a glowing drain.
  1768 | Sewer    | Entered a sewer
  1881 | Sewer    | Reached XP level 6. HP: 55/59 MP: 6/6
  2150 | D:3      | Reached skill level 5 in Unarmed Combat
  2335 | D:3      | Found an ornate altar of the Wu Jian Council.
  2743 | D:4      | Reached XP level 7. HP: 67/67 MP: 7/7
  2804 | D:4      | You fall into a shaft and drop 2 floors!
  2951 | D:7      | Reached skill level 6 in Unarmed Combat
  3041 | D:7      | Noticed a slime creature
  3115 | D:7      | Found Tegewn's Book Shop.
  3160 | D:6      | Noticed Maggie
  3226 | D:6      | HP: 3/68 [Maggie/+1 scimitar of flaming (1)]
  3228 | D:6      | Slain by Maggie

Illustrated notes

Levels and vault maps discovered:
D:1:      saegor_arrival_fortress, layout_loops_ring,
          shapermc_ecumenical_altar_pompeii
D:2:      layout_basic, minmay_door_square, hangedman_feature_mirror,
          minmay_distorted
D:3:      wander_river, layout_basic, marbit_many_paths, serial_shops, shop,
          mainiacjoe_sewer_entry_somewhere_in_here_2, nicolae_wormholes
D:4:      layout_cave_pools, mainiacjoe_overflow_two_lobes
D:6:      layout_loops_ring, nicolae_tso_swordbearing_angel,
          minmay_temple_entry_drinking_statues, uniq_maggie
D:7:      minmay_the_grid_four_pointed_star [minmay_the_grid_triangle_9x9_empty,
          minmay_the_grid_triangle_9x9_corruption,
          minmay_the_grid_triangle_9x9_minimal,
          minmay_the_grid_triangle_9x9_negative_grid,
          minmay_the_grid_prize_four_corners_diamond_a], layout_basic,
          serial_shops, shop, minivault_27, hex_intersection, uniq_pikel,
          uniq_maurice, uniq_crazy_yiuf_cottage

Skill      XL: |  1  2  3  4  5  6  7 |
---------------+----------------------+-----
Unarmed Combat | 1 2 3 4 5 6 |  6.7
Fighting       | 1 2 3 |  3.8
Short Blades   | |  0.7
Throwing       | |  0.2
Dodging        | |  1.5
Stealth        | |  1.5
Spellcasting   | |  1.2
Hexes          | |  2.0

Action                     |  1- 3 |  4- 6 |  7- 9 || total
---------------------------+-------+-------+-------++-------
  Melee: Unarmed           |    32 |   179 |    45 ||   256
         Punch             |       |     3 |     4 ||     7
  Throw: Javelin           |       |       |     4 ||     4
   Stab: Sleeping          |       |     3 |       ||     3
 Armour: Robe              |    25 |   116 |    47 ||   188
  Dodge: Dodged            |    12 |    70 |    19 ||   101
